 Dungeon Crawl Stone Soup version 0.17-a0-2027-gcac42c4 (webtiles) character file.

334 radek the Fighter (level 6, -5/74 HPs)
             Began as an Ogre Berserker on Oct 10, 2015.
             Slain by a black bear (6 damage)
             ... created by the rage of Trog
             ... on level 1 of the Dungeon.
             The game lasted 00:13:12 (1930 turns).

radek the Fighter (Ogre Berserker)                  Turns: 1930, Time: 00:13:12

Health: -5/74      AC:  3    Str: 25    XL:     6   Next: 53%
Magic:  12/12      EV: 11    Int:  6    God:
Gold:   70         SH:  0    Dex:  9    Spells: 0 memorised, 15 levels left

rFire  . . .     SeeInvis .     a - +0 mace
rCold  . . .     Clarity  .     b - +0 animal skin
rNeg   . . .     SustAt   .     (no shield)
rPois  +         Gourm    .     (helmet restricted)
rElec  .         Spirit   .     (no cloak)
rCorr  .         Warding  .     (gloves unavailable)
rMut   .         Stasis   .     (boots unavailable)
MR     .....                    (no amulet)
Stlth  ++........               (no ring)
                                (no ring)

@: not resistant to hostile enchantments, unstealthy
A: unfitting armour, low mp 1, poison resistance, tough skin 1
a: no special abilities


You were on level 1 of the Dungeon.
You were not hungry.

You visited 1 branch of the dungeon, and saw 2 of its levels.

You collected 70 gold pieces.

Inventory:

Hand Weapons
 a - a +0 mace (weapon)
Armour
 b - a +0 animal skin (worn)
Scrolls
 g - 4 scrolls of identify {unknown}
 h - 2 scrolls of remove curse {unknown}
 k - a scroll of blinking {unknown}
 l - a scroll of magic mapping {unknown}
Comestibles
 c - a bread ration
 f - a beef jerky


   Skills:
 + Level 8.4 Fighting
 + Level 8.2 Maces & Flails
 + Level 4.9 Throwing
 + Level 4.0 Armour
 + Level 6.1 Dodging
 + Level 4.4 Stealth
 + Level 4.4 Unarmed Combat
 + Level 5.4 Spellcasting


You had 15 spell levels left.
You didn't know any spells.

Dungeon Overview and Level Annotations

Branches:
Dungeon (2/15)

Altars:


Innate Abilities, Weirdness & Mutations

You are too large for most types of armour.
You have tough skin (AC +1).
Your magical capacity is low (-10% MP).
Your system is resistant to poisons.


Message History

The black bear rages.
The black bear bites you. The black bear claws you. The black bear misses you.
You open the door. The black bear closely misses you. The black bear claws you.
The black bear misses you.
The black bear rages.
The black bear bites you!
* * * LOW HITPOINT WARNING * * *
The black bear claws you.
* * * LOW HITPOINT WARNING * * *
The black bear claws you.
* * * LOW HITPOINT WARNING * * *
The black bear rages.
A giant gecko comes into view.
There is an open door, spattered with blood here.
There's a creature in the doorway!
The black bear rages.
The black bear bites you!
* * * LOW HITPOINT WARNING * * *
The black bear closely misses you. The black bear claws you.
You die...

############# #...........# ##
#...........####### .########
#...........##..... ........#
#...........##.....
..##....#######...........##.....
..##....>.l.hh'h@.........''.....
..##.....######...........##.....
..###+##.# #...........##.....
.........######(.......[..###'###
..........)..(.(......###.# #..#
.....###.############## #># ##.##
......).........[...# #.# #..#
......##............# #.#####.#
......##............# #........


You could see 3 black bears and a giant gecko.

Vanquished Creatures
  Jessica (D:2)
  Robin (D:2)
  A gnoll (D:2)
  2 adders (D:2)
  An ooze (D:1)
  A worm (D:2)
  A giant gecko (D:2)
  6 bats
  12 goblins
  6 hobgoblins
  2 kobolds
  A quokka (D:2)
  3 rats
38 creatures vanquished.

Notes
Turn   | Place    | Note
--------------------------------------------------------------
     0 | D:1      | radek the Ogre Berserker began the quest for the Orb.
     0 | D:1      | Reached XP level 1. HP: 24/24 MP: 1/1
   243 | D:1      | Reached XP level 2. HP: 24/32 MP: 2/2
   887 | D:2      | Reached XP level 3. HP: 32/40 MP: 3/3
   942 | D:2      | Acquired Trog's second power
  1092 | D:2      | Noticed Jessica
  1094 | D:2      | Killed Jessica
  1094 | D:2      | Reached XP level 4. HP: 49/49 MP: 4/4
  1481 | D:2      | Noticed Robin
  1497 | D:2      | Reached skill level 5 in Fighting
  1514 | D:2      | Reached skill level 7 in Fighting
  1514 | D:2      | Reached skill level 5 in Dodging
  1514 | D:2      | Reached XP level 5. HP: 9/62 MP: 4/11
  1515 | D:2      | Fell from the grace of Trog
  1515 | D:2      | Reached skill level 8 in Fighting
  1515 | D:2      | Reached skill level 5 in Spellcasting
  1515 | D:2      | Reached XP level 6. HP: 4/74 MP: 4/14
  1517 | D:2      | Gained mutation: Your magical capacity is low (-10% MP). [potion of mutation]
  1517 | D:2      | Gained mutation: Your system is resistant to poisons. [potion of mutation]
  1525 | D:2      | Killed Robin
  1930 | D:1      | HP: 1/74 [black bear[the rage of Trog] (9)]
  1930 | D:1      | Slain by a black bear

Vault maps used:
D:1:      ncdulo_lavacross
D:2:      uniq_jessica, uniq_robin

Action                   |  1- 3 |  4- 6 || total
-------------------------+-------+-------++-------
Melee: Mace              |    64 |    67 ||   131
Invok: Berserk           |     1 |     1 ||     2
  Use: Potion            |       |     6 ||     6
       Scroll            |       |     1 ||     1
  Eat: Meat ration       |       |     1 ||     1
